 Dungeon Crawl Stone Soup version 0.21.1-1-g345015f (webtiles) character file.

115 nikopol the Firebug (level 4, -5/24 HPs)
             Began as a Deep Elf Fire Elementalist on Feb 5, 2018.
             Killed by nerve-wracking pain
             ... invoked by an orc priest
              (10 damage)
             ... on level 3 of the Dungeon.
             The game lasted 00:07:13 (1854 turns).

nikopol the Firebug (Deep Elf Fire Elementalist)    Turns: 1854, Time: 00:07:14

Health: -5/24      AC:  5    Str:  5    XL:     4   Next: 68%
Magic:  5/12       EV: 13    Int: 21    God:
Gold:   186        SH:  0    Dex: 15    Spells: 5/11 levels left

rFire    . . .     SeeInvis .   n - +0 dagger
rCold    . . .     Gourm    .   (no shield)
rNeg     . . .     Faith    .   a - +0 robe
rPois    .         Spirit   .   (no helmet)
rElec    .         Reflect  .   (no cloak)
rCorr    .         Harm     .   f - +2 pair of gloves
MR       .....                  (no boots)
Stlth    ++........             (no amulet)
HPRegen  0.08/turn              (no ring)
MPRegen  0.13/turn              (no ring)

@: no status effects
A: no striking features
a: no special abilities


You were on level 3 of the Dungeon.
You were not hungry.

You visited 1 branch of the dungeon, and saw 3 of its levels.

You collected 186 gold pieces.

Inventory:

Hand Weapons
 n - a +0 dagger (weapon)
Armour
 a - a +0 robe (worn)
 f - a +2 pair of gloves (worn)
Jewellery
 l - an uncursed amulet of the gourmand {unknown}
 w - an uncursed ring of fire {unknown}
Scrolls
 d - 2 scrolls of teleportation {unknown}
 i - 2 scrolls of identify {unknown}
 m - 2 scrolls of remove curse {unknown}
 p - 2 scrolls of noise {unknown}
 q - a scroll of fog {unknown}
 u - a scroll of fear {unknown}
Potions
 e - a potion of invisibility {unknown}
 g - a potion of heal wounds {unknown}
 h - 3 potions of curing {unknown}
 j - 2 potions of might {unknown}
 k - a potion of ambrosia {unknown}
 o - 2 potions of agility {unknown}
 r - a potion of cancellation {unknown}
 s - a potion of degeneration {unknown}
 t - a potion of lignification {unknown}
Books
 b - a book of Flames

   Spells                             Type                      Level
   a - Flame Tongue                   Conjuration/Fire             1
   b - Throw Flame                    Conjuration/Fire             2
   c - Conjure Flame                  Conjuration/Fire             3
   d - Inner Flame                    Hexes/Fire                   3
   e - Sticky Flame                   Conjuration/Fire             4
   f - Fireball                       Conjuration/Fire             5
Comestibles
 c - 4 rations
 v - 3 chunks of flesh


   Skills:
 + Level 2.8 Dodging
 + Level 3.1 Stealth
 + Level 4.1 Spellcasting
 + Level 2.5 Conjurations
 + Level 4.4 Fire Magic


You had 5 spell levels left.
You knew the following spells:

 Your Spells              Type           Power        Failure   Level  Hunger
a - Flame Tongue          Conj/Fire      ###..        2%          1    None
b - Throw Flame           Conj/Fire      ###...       4%          2    #......
c - Conjure Flame         Conj/Fire      ###.....     9%          3    ###....


Dungeon Overview and Level Annotations

Branches:
Dungeon (3/15)

Altars:
Okawaru

Annotations:
D:3 Lanoc's ghost, amateur DEWn


Message History

Aiming: Throw Flame
Press: ? - help, Shift-Dir - straight line, f/p - orc priest
Aim: an orc priest, wielding a hand axe (heavily wounded)
The puff of flame misses the orc priest.
The orc priest mumbles some strange prayers to Beogh against you.
Pain shoots through your body!
* * * LOW HITPOINT WARNING * * *
Casting: Throw Flame
Confirm with . or Enter, or press ? or * to list all spells.
You can't see any susceptible monsters within range! (Use Z to cast anyway.)
Casting: Throw Flame
Confirm with . or Enter, or press ? or * to list all spells.
Aiming: Flame Tongue
Press: ? - help, Shift-Dir - straight line, f/p - orc priest
Aim: an orc priest, wielding a hand axe (heavily wounded)
The flame tongue hits the orc priest.
The orc priest is severely wounded.
The orc priest calls down the wrath of Beogh upon you.
Pain shoots through your body!
You die...

.......##.. ........
... ....#..#.#
.........#..# ...#....#
.........#...##..#.#..#
...........##
##....#.%...##
#............#
..#..........?>.
#....o.@<.......
#######.†..#....
#...?..... #....#.[..
#......... #.....%...
#..##..... ...# ..#.


You could see an orc priest.

Vanquished Creatures
  4 adders
  A gnoll (D:1)
  An ooze (D:1)
  2 dart slugs (D:1)
  5 orcs
  2 ball pythons
  4 giant cockroaches (D:1)
  7 hobgoblins
  4 jackals (D:2)
  3 kobolds
  2 quokkas (D:2)
  3 bats
  6 frilled lizards
  6 goblins
  6 rats
56 creatures vanquished.

Notes
Turn   | Place    | Note
-------+----------+-------------------------------------------
     0 | D:1      | nikopol the Deep Elf Fire Elementalist began the quest for the Orb.
     0 | D:1      | Reached XP level 1. HP: 10/10 MP: 6/6
   161 | D:1      | Reached XP level 2. HP: 15/15 MP: 2/8
   464 | D:1      | Reached XP level 3. HP: 19/19 MP: 8/10
   825 | D:2      | Found an iron altar of Okawaru.
  1157 | D:2      | Reached XP level 4. HP: 16/24 MP: 0/12
  1674 | D:3      | Noticed Lanoc's ghost (amateur DEWn)
  1835 | D:3      | Learned a level 2 spell: Throw Flame
  1839 | D:3      | Learned a level 3 spell: Conjure Flame
  1854 | D:3      | Killed from afar by an orc priest

Skill      XL: |  1  2  3  4 |
---------------+-------------+-----
Fire Magic     | 4 |  4.4
Conjurations   | 2 |  2.5
Spellcasting   | 4 |  4.1
Stealth        | 3 |  3.1
Dodging        | |  2.8

Action                   |  1- 3 |  4- 6 || total
-------------------------+-------+-------++-------
 Cast: Flame Tongue      |    62 |    39 ||   101
       Throw Flame       |       |     3 ||     3
  Eat: Chunk             |     1 |     2 ||     3
Armor: Robe              |     4 |     2 ||     6
Dodge: Dodged            |    12 |    13 ||    25
